Map: Automaton LE

Players

Rome

  • Race: Zerg Zerg
  • League: Master
  • Spawn Location: 9:00

ALLMIGHT - Winner!

  • Race: Zerg Zerg
  • League: Grandmaster
  • Spawn Location: 3:00

VOD

Have the link to the VOD?

Description

Time

  • Played on: May 1, 2019, 8:58 p.m.
  • Length: 8:01
Show
View Real Time Build Order
Export as new Build Order

Rome Zerg 

Build Orders: 1 Base Baneling Bust, Pool First, Zergling Baneling 

Get SALT Encoding   

  12  0:00  Drone  
  13  0:13  Overlord  
  13  0:21  Extractor  
  13  0:24  Drone  
  13  0:25  Drone  
  14  0:41  Spawning Pool  
  13  0:48  Drone  
  14  0:52  Drone  
  16  0:57  Drone  
  16  1:27  Metabolic Boost  
  16  1:28  Zergling x2, Queen  
  16  1:29  Zergling x2  
  20  1:33  Zergling x2  
  21  1:41  Overlord  
  21  1:50  Zergling x2  
  22  1:55  Baneling Nest  
  21  2:02  Zergling x2  
  22  2:13  Zergling x2  
  23  2:22  Zergling x2  
  24  2:33  Zergling x2  
  25  2:38  Baneling  
  25  2:39  Baneling x3  
  25  2:40  Zergling x6  
  28  2:48  Overlord  
  28  3:04  Zergling x2  
  27  3:13  Zergling x6  
  27  3:15  Baneling x2  
  26  3:30  Zergling x4  
  27  3:39  Zergling x2  
  24  3:52  Hatchery  
  24  3:53  Zergling x2  
  23  4:00  Baneling x2  
  23  4:01  Baneling  
  23  4:13  Spine Crawler  
  23  4:15  Spine Crawler  
  21  4:20  Baneling  
  18  4:29  Queen  
  18  4:30  Zergling x4  
  11  4:49  Zergling x2  
  3  5:44  Baneling  
Show
View Real Time Build Order
Export as new Build Order

ALLMIGHT Zerg - Winner!

Build Orders: Hatch First, Zergling Baneling 

Get SALT Encoding   

  12  0:01  Drone  
  13  0:13  Overlord  
  13  0:18  Drone  
  14  0:32  Drone x2  
  16  0:36  Drone  
  17  0:55  Hatchery  
  16  0:57  Drone  
  16  1:00  Drone  
  18  1:12  Extractor  
  18  1:16  Spawning Pool  
  18  1:18  Drone  
  17  1:21  Drone  
  18  1:30  Drone  
  19  1:41  Overlord  
  19  2:04  Queen  
  19  2:06  Queen  
  19  2:07  Zergling x6  
  26  2:11  Metabolic Boost  
  26  2:16  Drone  
  26  2:17  Drone  
  28  2:40  Baneling Nest  
  27  2:46  Queen  
  27  2:48  Overlord  
  29  2:54  Overlord  
  29  2:55  Zergling x8  
  33  3:10  Zergling x4  
  32  3:14  Zergling x8  
  33  3:30  Baneling x2  
  33  3:31  Baneling  
  33  3:32  Baneling x2  
  29  3:40  Zergling x10  
  29  3:45  Zergling x2  
  30  3:55  Baneling  
  30  3:56  Baneling  
  30  3:58  Drone x3  
  33  4:08  Queen  
  35  4:21  Zergling x8  
  32  4:25  Baneling x2  
  32  4:30  Zergling x4  
  23  4:39  Zergling x2  
  19  4:50  Zergling x2  
Tags
 
Add a new tag
Caveats
  • Supply blocks, unpowered buildings, or Contaminate may cause inaccurate times.
  • Supply counts are checked every 10 seconds.